AoeStats
← ska_18

Black Forest

507053067Analyzed
3v3 RM · 15d ago on Sep 16, 2026· 51m 17s· 6 players
Game mode
Random Map
Map size
Normal (6 player)
Population
200
Speed
Normal
Resources
Standard
Victory
Conquest
Starting age
Dark Age
Ending age
Imperial Age
RankedLock teamsTeams togetherTeam positionsShared explorationLock speedFull tech treeHidden civsTurbo modeCheats
Victory
Defeat
🇬🇧 Huns · United Kingdom
947
+15
🇩🇪 Vietnamese · Germany
937
+16
🇦🇹 Saracens · Austria
895
+17
🇨🇱 Khmer · Chile
1015
-19
🇨🇱 Chinese · Chile
896
-15
🇨🇱 Japanese · Chile
872
-14
gjdelcam
9:56 Feudal Age
10:22 Double-Bit Axe
17:53 Castle Age
17:03 Padded Archer Armor
16:53 Horse Collar
17:18 Gold Mining
19:38 Gold Shaft Mining
20:44 Bow Saw
22:12 Fletching
22:48 Ballistics
23:29 Bodkin Arrow
23:50 Leather Archer Armor
25:27 Heavy Plow
30:17 Imperial Age
29:22 Stone Mining
31:57 Conscription
31:46 Bracer
32:17 Ring Archer Armor
31:24 Capped Ram
35:31 Chemistry
34:27 Murder Holes
34:43 Masonry
38:19 Elite Chu Ko Nu
48:29 Caravan
MarcoAntonio
2:35 Loom
17:52 Feudal Age
18:21 Horse Collar
18:04 Man-at-Arms
18:29 Arson
18:39 Double-Bit Axe
19:49 Wheelbarrow
20:31 Arson
20:48 Gold Mining
21:18 Scale Mail Armor
23:40 Stone Mining
28:21 Castle Age
28:22 Long Swordsman
28:47 Gambesons
29:22 Chain Mail Armor
30:23 Pikeman
31:03 Squires
31:12 Squires
34:50 Heavy Plow
37:23 Hand Cart
46:02 Imperial Age
46:29 Two-Handed Swordsman
46:47 Halberdier
48:40 Bow Saw
50:20 Capped Ram
CL.CKrugger
0:27 Loom
14:11 Feudal Age
15:31 Double-Bit Axe
20:40 Castle Age
18:45 Horse Collar
23:57 Heavy Plow
36:05 Pikeman
45:05 Imperial Age
44:25 Fletching
44:38 Scale Mail Armor
46:15 Caravan
46:15 Caravan
46:00 Cavalier
49:26 Husbandry
50:00 Fletching
50:26 Arson
52:13 Wheelbarrow
OLIFANT
10:27 Feudal Age
10:53 Double-Bit Axe
10:50 Horse Collar
15:48 Stone Mining
15:48 Gold Mining
18:21 Wheelbarrow
21:27 Castle Age
19:36 Scale Barding Armor
21:47 Forging
22:08 Bloodlines
23:12 Gold Shaft Mining
22:48 Bow Saw
22:42 Heavy Plow
23:00 Husbandry
26:40 Hand Cart
33:02 Imperial Age
30:59 Marauders
32:31 Chain Barding Armor
32:46 Iron Casting
33:07 Elite Tarkan
34:08 Conscription
34:57 Cavalier
41:33 Caravan
42:24 Scale Mail Armor
43:02 Plate Barding Armor
43:27 Blast Furnace
45:02 Paladin
47:53 Light Cavalry
49:26 Hussar
ska_18
1:11 Loom
12:33 Feudal Age
15:07 Double-Bit Axe
15:15 Horse Collar
18:09 Castle Age
21:22 Wheelbarrow
21:38 Bow Saw
27:24 Town Watch
29:40 Hand Cart
34:18 Imperial Age
32:15 Gold Mining
32:15 Stone Mining
32:39 Forging
32:22 Fletching
34:17 Bodkin Arrow
34:28 Scale Barding Armor
34:58 Iron Casting
36:10 Chemistry
35:07 Murder Holes
36:21 Chain Barding Armor
36:02 Bracer
36:51 Gold Shaft Mining
36:57 Conscription
37:33 Treadmill Crane
38:56 Blast Furnace
39:50 Plate Barding Armor
39:26 Bloodlines
39:17 Husbandry
38:38 Light Cavalry
39:31 Bimaristan
39:22 Elite Mameluke
41:54 Hoardings
41:57 Fervor
42:07 Sanctity
42:30 Heavy Plow
43:35 Two-Man Saw
43:07 Hussar
45:37 Siege Engineers
45:43 Masonry
45:44 Fortified Wall
48:23 Coinage
47:54 Caravan
49:39 Banking
FBM
1:08 Loom
13:42 Feudal Age
18:08 Horse Collar
18:14 Double-Bit Axe
21:11 Castle Age
20:52 Scale Mail Armor
21:12 Gold Mining
22:32 Bow Saw
22:23 Heavy Plow
23:01 Forging
25:27 Squires
25:44 Arson
27:04 Iron Casting
30:06 Chain Mail Armor
37:06 Imperial Age
40:07 Fletching
40:17 Padded Archer Armor
40:56 Elite Skirmisher
41:41 Bodkin Arrow
42:01 Leather Archer Armor
41:38 Imperial Skirmisher
42:25 Thumb Ring
43:48 Bracer
45:51 Ballistics
47:47 Chemistry
47:01 Crossbowman
Connection lost

Rejoining the realm…

Still unreachable

The connection could not be restored.

Session expired

The server has moved on; the page needs a fresh start.